 Dungeon Crawl Stone Soup version 0.22-a0-42-g002c468 (webtiles) character file.

1597 sagitran the Magician (level 8, -3/63 HPs)
             Began as a Red Draconian Ice Elementalist on Jan 5, 2018.
             Slain by Menkaure (18 damage)
             ... on level 5 of the Dungeon.
             The game lasted 00:30:56 (5597 turns).

sagitran the Magician (DrIE)                        Turns: 5597, Time: 00:30:57

Health: -3/63      AC:  8    Str: 11    XL:     8   Next: 62%
Magic:  14/14      EV: 14    Int: 18    God:
Gold:   195        SH:  0    Dex: 11    Spells: 5/15 levels left

rFire    + . .     SeeInvis .   x - +2 whip (flame)
rCold    . . .     Gourm    .   (no shield)
rNeg     . . .     Faith    .   (armour unavailable)
rPois    .         Spirit   .   g - +2 hat
rElec    .         Reflect  .   (no cloak)
rCorr    .         Harm     .   (no gloves)
MR       .....                  (no boots)
Stlth    ++........             (no amulet)
HPRegen  0.20/turn              h - +1 ring of evasion
MPRegen  0.14/turn              (no ring)

@: no status effects
A: breathe fire, unfitting armour, deterioration 1, fire resistance 1, wild
magic 2, cold-blooded, AC +6
a: Breathe Fire


You were on level 5 of the Dungeon.
You were not hungry.

You visited 1 branch of the dungeon, and saw 5 of its levels.
You also visited: Sewer.

You collected 195 gold pieces.

Inventory:

Hand Weapons
 c - a +2 dagger of speed
 f - the +1 hunting sling of Bread {velocity, Int+4}
   (You found it in a sewer)

   Any stone fired from it inflicts extra damage.
   It affects your intelligence (+4).
 i - a +1 rapier of holy wrath
 k - a +3 hand axe
 m - a +0 blowgun
 v - a +0 dagger of venom
 x - a +2 whip of flaming (weapon)
Missiles
 e - 136 stones (quivered)
 n - 9 poisoned needles
 s - 19 sling bullets
Armour
 g - a +2 hat (worn)
Magical Staves
 u - an uncursed staff of air
Jewellery
 h - a +1 ring of evasion (left hand)
Wands
 r - a wand of polymorph (12)
Scrolls
 d - a scroll of remove curse
 j - 2 scrolls of amnesia
 t - a scroll of fear
 w - a scroll of immolation {unknown}
 y - a scroll of blinking
Potions
 o - a potion of flight
 q - a potion of brilliance
Books
 a - a book of Frost

   Spells                             Type                      Level
   a - Freeze                         Ice                          1
   b - Throw Frost                    Conjuration/Ice              2
   c - Ozocubu's Armour               Charms/Ice                   3
   d - Throw Icicle                   Conjuration/Ice              4
   e - Summon Ice Beast               Ice/Summoning                4
Comestibles
 b - 8 rations
 p - 3 chunks of flesh


   Skills:
 + Level 3.5 Fighting
 + Level 4.3 Axes
 + Level 3.4(3.6) Slings
 + Level 1.3(2.6) Throwing
 + Level 4.3 Dodging
 + Level 2.5 Stealth
 + Level 0.2 Unarmed Combat
 + Level 4.4 Spellcasting
 + Level 2.1 Conjurations
 + Level 4.2 Ice Magic


You had 5 spell levels left.
You knew the following spells:

 Your Spells              Type           Power        Failure   Level  Hunger
a - Freeze                Ice            ####         8%          1    None
b - Throw Frost           Conj/Ice       ###...       14%         2    #......
c - Ozocubu's Armour      Chrm/Ice       ###.....     32%         3    ###....
d - Throw Icicle          Conj/Ice       ###.....     54%         4    ####...


Dungeon Overview and Level Annotations

Branches:
Dungeon (5/15)
 Temple: D:4-7

Altars:
Dithmenos
Fedhas
The Shining One

Shops:
D:4 !

Annotations:
D:5 Menkaure


Innate Abilities, Weirdness & Mutations

You can breathe blasts of fire.
Your fiery red scales are hard. (AC +6)
You cannot fit into any form of body armour.
Your flesh is heat resistant. (rF+)
You are cold-blooded and may be slowed by cold attacks.
Your body sometimes deteriorates upon taking damage.
Your spells are harder to cast, but more powerful.


Message History

An orc wizard comes into view. It is wielding a dagger.
The orc wizard shouts!
You hear a shout!
Menkaure casts a spell at you. Pain shoots through your body!
You hit Menkaure but do no damage.
Menkaure gestures at you while chanting.
You struggle to resist.
You hit Menkaure but do no damage. Menkaure hits you!
* * * LOW HITPOINT WARNING * * *
An orc comes into view. It is wielding a falchion.
You feel better.
Menkaure calls on the powers of darkness!
The orc convulses!
Your body is wracked with pain!
* * * LOW HITPOINT WARNING * * *
The orc wizard convulses!
The orc convulses!
Menkaure barely misses you.
The orc wizard looks satisfied for a moment.
You hit Menkaure. You burn Menkaure.
Menkaure is moderately damaged.
Menkaure hits you!!
You die...

......# ......#
.......##.# #######
#.........# ......#
...#....$..o.#
......#......#.........+
......# .....#.........#
#.....# .....#....o....#
#.....# ... #..oM......
###'### ..###..@.......
#.....####'#.....#######
#.....'....#.....#
#...<.#....#.....#
#.....#....#.....+
#.....#>...'.....#
#.....####'#.....#
#................#
######...........#


You could see Menkaure, an orc wizard and 2 orcs.

Vanquished Creatures
  Pikel (D:5)
  Grinder (D:3)
  An ogre (D:4)
  A bullfrog (Sewer)
  2 scorpions
  A centaur skeleton (D:4)
  4 orc priests
  A bullfrog skeleton (D:5)
  4 orc wizards
  Jessica (D:2)
  2 iguanas (D:4)
  Natasha (thrice) (D:3)
  A worker ant (D:4)
  A howler monkey skeleton (D:4)
  10 adders
  An ooze (D:4)
  An adder skeleton (D:5)
  A worm (D:2)
  3 dart slugs
  4 leopard geckos
  18 orcs
  4 ball pythons
  9 giant cockroaches
  7 hobgoblins
  6 jackals
  8 bats
  13 frilled lizards
  6 goblins
  3 kobolds
  9 rats
127 creatures vanquished.

Vanquished Creatures (others)
  A ball python (D:5)
1 creature vanquished.

Grand Total: 128 creatures vanquished

Notes
Turn   | Place    | Note
-------+----------+-------------------------------------------
     0 | D:1      | sagitran the Draconian Ice Elementalist began the quest for the Orb.
     0 | D:1      | Reached XP level 1. HP: 14/14 MP: 3/3
   390 | D:1      | Reached XP level 2. HP: 9/20 MP: 0/5
   394 | D:1      | Learned a level 2 spell: Throw Frost
  1001 | D:1      | You fall through a shaft!
  1013 | D:2      | Reached XP level 3. HP: 11/27 MP: 2/6
  1126 | D:2      | Learned a level 3 spell: Ozocubu's Armour
  1577 | D:2      | Found a faded altar of an unknown god.
  1632 | D:2      | Noticed Jessica
  1652 | D:2      | Killed Jessica
  1652 | D:2      | Reached XP level 4. HP: 26/34 MP: 0/8
  1848 | D:2      | Found a glowing golden altar of the Shining One.
  2023 | D:3      | Reached XP level 5. HP: 33/39 MP: 5/9
  2081 | D:3      | Gained mutation: Your spells are a little harder to cast, but a little more powerful. [potion of mutation]
  2081 | D:3      | Gained mutation: Your body sometimes deteriorates upon taking damage. [potion of mutation]
  2081 | D:3      | Gained mutation: Your spells are harder to cast, but more powerful. [potion of mutation]
  2117 | D:3      | Noticed Grinder
  2269 | D:3      | Found a glowing drain.
  2292 | Sewer    | Entered a sewer
  2304 | Sewer    | Reached skill level 1 in Axes
  2573 | Sewer    | Reached skill level 1 in Fighting
  2575 | Sewer    | Got a scorched hunting sling
  2580 | Sewer    | Identified the cursed +1 hunting sling of Bread {velocity, Int+4} (You found it in a sewer)
  2729 | D:3      | Reached XP level 6. HP: 46/47 MP: 10/10
  2752 | D:3      | Noticed Natasha
  2764 | D:3      | Killed Natasha
  2780 | D:3      | Noticed Natasha
  2786 | D:3      | Killed Natasha
  2791 | D:3      | Noticed Natasha
  2797 | D:3      | Killed Natasha
  2843 | D:3      | Found a blossoming altar of Fedhas.
  2891 | D:3      | Learned a level 4 spell: Throw Icicle
  3117 | D:3      | Paralysed by Grinder for 3 turns
  3134 | D:3      | Killed Grinder
  3134 | D:3      | Your scales start taking on a fiery red colour.
  3134 | D:3      | Reached XP level 7. HP: 27/55 MP: 7/12
  3134 | D:3      | Gained mutation: Your flesh is heat resistant. (rF+) [Red Draconian growth]
  3421 | D:4      | Found Zuru's Distillery.
  4165 | D:4      | Found a shadowy altar of Dithmenos.
  5077 | D:4      | Reached XP level 8. HP: 56/62 MP: 10/14
  5239 | D:5      | Entered Level 5 of the Dungeon
  5392 | D:5      | Noticed Pikel
  5408 | D:5      | Killed Pikel
  5408 | D:5      | Reached skill level 1 in Throwing
  5588 | D:5      | Noticed Menkaure
  5597 | D:5      | Slain by Menkaure

Vault maps used:
D:1:      dpeg_arrival_water_temple_mockup, minivault_11
D:2:      lemuel_coloured_pillars_altar, chequers_ecumenical_altar_simple,
          uniq_jessica
D:3:      gup_sewer_entry_glass, first_ration, fedhas_altar_fruit_tree,
          uniq_natasha, uniq_grinder
D:4:      serial_shops, shop, grunt_dithmenos_smoke
D:5:      minmay_temple_entry_nine_rooms, serial_shops, nicolae_shop_trees,
          serial_park_tiny_1, corexii_shack, minmay_misc_feat_rugged,
          minivault_25, uniq_menkaure, uniq_pikel, uniq_sigmund
Sewer:    sewer_frog_island_01

Skill      XL: |  1  2  3  4  5  6  7  8 |
---------------+-------------------------+-----
Dodging        | 2 3 4 |  4.3
Stealth        | 2 |  2.5
Spellcasting   | 3 4 |  4.4
Ice Magic      | 4 3 4 |  4.2
Axes           | 1 2 3 4 |  4.3
Fighting       | 1 2 3 |  3.5
Slings         | 2 3 |  3.4
Conjurations   | 2 |  2.1
Throwing       | 1 |  1.3
Unarmed Combat | |  0.2

Action                   |  1- 3 |  4- 6 |  7- 9 || total
-------------------------+-------+-------+-------++-------
Melee: Club              |    29 |       |       ||    29
       Unarmed           |     7 |       |       ||     7
       Tailslap          |     6 |     5 |    16 ||    27
       Hand axe          |    49 |   106 |   147 ||   302
       Dagger            |       |     5 |     4 ||     9
       Hunting sling     |       |     2 |       ||     2
       Rapier            |       |       |     4 ||     4
       Whip              |       |       |     3 ||     3
 Fire: Hunting sling     |       |    27 |    32 ||    59
       Blowgun           |       |       |     6 ||     6
Throw: Stone             |     8 |     1 |    14 ||    23
 Cast: Freeze            |    13 |     9 |    17 ||    39
       Throw Frost       |    10 |     4 |     2 ||    16
       Ozocubu's Armour  |     1 |     2 |       ||     3
       Throw Icicle      |       |     1 |     1 ||     2
  Use: Scroll            |     3 |     6 |     2 ||    11
       Potion            |     2 |     2 |     2 ||     6
 Stab: Sleeping          |     3 |     1 |       ||     4
  Eat: Chunk             |     3 |     6 |     2 ||    11
       Ration            |       |       |     2 ||     2
Armor: Skin              |    27 |    67 |    65 ||   159
Dodge: Dodged            |    73 |   151 |   160 ||   384

Table legend:
 A = Spawn XP
 B = Non-spawn XP
 C = Spawn XP percentage of total XP
 D = Spawn monster count
 E = Non-spawn monster count
 F = Spawn count percentage of total count
 G = Total turns spent on level
                    A         B        C        D         E        F      G
               +---------+---------+-------+---------+---------+-------+---------
         Total |       0 |    2282 |   0.0 |       0 |     127 |   0.0 |  5597
               +---------+---------+-------+---------+---------+-------+---------
           D:1 |       0 |      33 |   0.0 |       0 |      19 |   0.0 |  1001
           D:2 |       0 |     115 |   0.0 |       0 |      17 |   0.0 |  1103
           D:3 |       0 |     517 |   0.0 |       0 |      32 |   0.0 |  1026
           D:4 |       0 |     723 |   0.0 |       0 |      34 |   0.0 |  1677
           D:5 |       0 |     771 |   0.0 |       0 |       7 |   0.0 |   358
         Sewer |       0 |     123 |   0.0 |       0 |      18 |   0.0 |   432
               +---------+---------+-------+---------+---------+-------+---------
